 Dungeon Crawl Stone Soup version 0.23-a0-8-gb809bb7 (webtiles) character file.

145 Amnesiac the Conjurer (level 5, -1/35 HPs)
             Began as a Mummy Conjurer on Aug 2, 2018.
             Slain by a gnoll
             ... wielding a +0 halberd
              (10 damage)
             ... on level 4 of the Dungeon.
             The game lasted 00:02:47 (2179 turns).

Amnesiac the Conjurer (Mummy Conjurer)              Turns: 2179, Time: 00:02:48

Health: -1/35      AC:  2    Str: 11    XL:     5   Next: 6%
Magic:  3/11       EV: 12    Int: 16    God:
Gold:   126        SH:  0    Dex: 12    Spells: 5/12 levels left

rFire    x . .     SeeInvis .   e - +0 dagger
rCold    + + .     Gourm    .   (no shield)
rNeg     + + +     Faith    +   a - +0 robe
rPois    ∞         Spirit   .   (no helmet)
rElec    .         Reflect  .   (no cloak)
rCorr    .         Harm     .   (no gloves)
MR       .....                  (no boots)
Stlth    ++........             d - amulet of faith
HPRegen  0.11/turn              b - ring of protection from cold
MPRegen  0.12/turn              (no ring)

@: very slightly contaminated
A: no food or potions, fire vulnerability, cold resistance 1, negative energy
resistance 3, torment resistance, unbreathing
a: no special abilities


You were on level 4 of the Dungeon.
You were not hungry.

You visited 1 branch of the dungeon, and saw 5 of its levels.

You collected 126 gold pieces.

Inventory:

Hand Weapons
 e - a +0 dagger (weapon)
Missiles
 f - 45 sling bullets
Armour
 a - a +0 robe (worn)
Jewellery
 b - a ring of protection from cold (left hand)
 d - an amulet of faith (around neck)
Scrolls
 c - a scroll of teleportation {!r, unknown}
 g - a scroll of identify {!r, unknown}


   Skills:
 - Level 1.5 Dodging
 - Level 1.5 Stealth
 + Level 4.4 Spellcasting
 * Level 4.6 Conjurations


You had 5 spell levels left.
You knew the following spells:

 Your Spells              Type           Power        Failure   Level  Hunger
a - Magic Dart            Conj           ###.         2%          1    N/A
b - Iskenderun's Mystic   Conj           ###.....     24%         4    N/A
d - Searing Ray           Conj           ###...       3%          2    N/A

Your spell library contained the following spells:

 Spells                   Type           Power        Failure   Level  Hunger
 Fulminant Prism          Conj/Hex       ##........   52%         4    N/A
 Dazzling Spray           Conj/Hex       ##....       19%         3    N/A
 Force Lance              Conj/Tloc      ##......     52%         4    N/A

Dungeon Overview and Level Annotations

Branches:
Dungeon (5/15)
 Temple: D:4-7

Altars:

Annotations:
D:4 1 runed door
D:5 Grinder


Innate Abilities, Weirdness & Mutations

You do not eat or drink.
Your flesh is vulnerable to fire.
You are immune to poison.
Your flesh is cold resistant. (rC+)
You are immune to negative energy. (rN+++)
You are immune to unholy pain and torment.
You can survive without breathing.


Message History

Casting: Magic Dart (safe; 2% risk of failure)
Confirm with . or Enter, or press ? or * to list all spells.
Aiming: Magic Dart (safe; 2% risk of failure)
Press: ? - help, Shift-Dir - straight line, f/p - worker ant
Aim: a worker ant (almost dead)
The magic dart hits the worker ant.
The worker ant is almost dead.
The worker ant misses you.
Casting: Magic Dart (safe; 2% risk of failure)
Confirm with . or Enter, or press ? or * to list all spells.
Aiming: Magic Dart (safe; 2% risk of failure)
Press: ? - help, Shift-Dir - straight line, f/p - worker ant
Aim: a worker ant (almost dead)
The magic dart hits the worker ant.
You kill the worker ant!
You have reached level 5!
You feel clever.
You start resting.
Magic restored.
You start resting.
Magic restored.
You start resting.
A gnoll comes into view. It is wielding a halberd.
The gnoll is too close now for your liking.
Okay, then.
This spell is slightly dangerous to cast.
Memorise Iskenderun's Mystic Blast, consuming 4 spell levels and leaving 5?
You start memorising the spell.
You continue memorising. x4
You finish memorising.
Spell assigned to 'b'.
Casting: Magic Dart (safe; 2% risk of failure)
Confirm with . or Enter, or press ? or * to list all spells.
Aiming: Searing Ray (safe; 3% risk of failure)
Press: ? - help, Shift-Dir - straight line, f - gnoll
Aim: a gnoll, wielding a halberd You miscast Searing Ray.
You are very lightly contaminated with residual magic.
Nothing appears to happen.
The gnoll closely misses you.
Casting: Searing Ray (safe; 3% risk of failure)
Confirm with . or Enter, or press ? or * to list all spells.
Aiming: Searing Ray (safe; 3% risk of failure)
Press: ? - help, Shift-Dir - straight line, f/p - gnoll
Aim: a gnoll, wielding a halberd The searing ray hits the gnoll.
The gnoll is lightly wounded. (Press . to maintain the ray.)
The gnoll hits you from afar with a halberd!
* * * LOW HITPOINT WARNING * * *
The searing ray hits the gnoll.
The gnoll is moderately wounded.
The searing ray hits the gnoll.
The gnoll is heavily wounded.
The gnoll hits you from afar with a halberd!
* * * LOW HITPOINT WARNING * * *
The searing ray misses the gnoll.
You finish channeling your searing ray.
The gnoll barely misses you.
Casting: Searing Ray (safe; 3% risk of failure)
Confirm with . or Enter, or press ? or * to list all spells.
Aiming: Magic Dart (safe; 2% risk of failure)
Press: ? - help, Shift-Dir - straight line, f/p - gnoll
Aim: a gnoll, wielding a halberd (heavily wounded)
The magic dart hits the gnoll.
The gnoll is almost dead.
The gnoll hits you from afar with a halberd!
You die...

####. #.# #
#.# #.# #.#
#.# #.# #g#
#.# #@# #.#
##.## #...#
#...# .#..).
#...# .#....
###.####.###+
#...........
#.........#


You could see a gnoll.

Vanquished Creatures
  2 hounds (D:4)
  A worker ant (D:4)
  An adder (D:3)
  A dart slug (D:1)
  2 leopard geckos (D:1)
  3 orcs
  5 bats
  8 giant cockroaches
  3 goblins
  5 hobgoblins
  3 jackals (D:1)
  3 kobolds
  2 frilled lizards
  2 rats (D:1)
41 creatures vanquished.

Notes
Turn   | Place    | Note
-------+----------+-------------------------------------------
     0 | D:1      | Amnesiac the Mummy Conjurer began the quest for the Orb.
     0 | D:1      | Reached XP level 1. HP: 13/13 MP: 4/4
   230 | D:2      | Reached XP level 2. HP: 11/19 MP: 4/6
   350 | D:2      | Learned a level 2 spell: Searing Ray
   891 | D:1      | Reached XP level 3. HP: 24/24 MP: 5/8
  1413 | D:4      | Reached XP level 4. HP: 9/30 MP: 0/10
  1678 | D:5      | Entered Level 5 of the Dungeon
  1897 | D:4      | Found a runed gate.
  1918 | D:5      | Noticed Grinder
  2089 | D:4      | Reached XP level 5. HP: 16/35 MP: 3/11
  2174 | D:4      | Learned a level 4 spell: Iskenderun's Mystic Blast
  2179 | D:4      | Slain by a gnoll

Vault maps used:
D:1:      lemuel_arrival_funnel
D:2:      kb_forest_paths, first_ration, uniq_terence
D:4:      lemuel_coloured_pillars_altar, gammafunk_ghost_split
D:5:      uniq_menkaure, uniq_grinder

Skill      XL: |  1  2  3 |
---------------+----------+-----
Spellcasting   | 3 4 |  4.4
Conjurations   | 4 |  4.6
Dodging        | |  1.5
Stealth        | |  1.5

Action                   |  1- 3 |  4- 6 || total
-------------------------+-------+-------++-------
Melee: Unarmed           |    25 |       ||    25
       Dagger            |     5 |    11 ||    16
 Cast: Magic Dart        |    86 |    34 ||   120
       Searing Ray       |       |     1 ||     1
Armor: Robe              |    26 |     2 ||    28
Dodge: Dodged            |    55 |    20 ||    75

Table legend:
 A = Spawn XP
 B = Non-spawn XP
 C = Spawn XP percentage of total XP
 D = Spawn monster count
 E = Non-spawn monster count
 F = Spawn count percentage of total count
 G = Total turns spent on level
                    A         B        C        D         E        F      G
               +---------+---------+-------+---------+---------+-------+---------
         Total |       0 |     208 |   0.0 |       0 |      41 |   0.0 |  2179
               +---------+---------+-------+---------+---------+-------+---------
           D:1 |       0 |      42 |   0.0 |       0 |      21 |   0.0 |  1016
           D:2 |       0 |       9 |   0.0 |       0 |       7 |   0.0 |   239
           D:3 |       0 |      17 |   0.0 |       0 |       3 |   0.0 |    78
           D:4 |       0 |     134 |   0.0 |       0 |       8 |   0.0 |   821
           D:5 |       0 |       6 |   0.0 |       0 |       2 |   0.0 |    25
               +---------+---------+-------+---------+---------+-------+---------
